 Dungeon Crawl Stone Soup version 0.30.1-11-g7821555f0a (webtiles) character file.

Game seed: 10916923625707222270

13680 anacleto the Grappler (level 11, -2/160 HPs)
             Began as a Troll Berserker on Dec 18, 2023.
             Was a Priest of Trog.
             Slain by a manticore (20 damage)
             ... on level 11 of the Dungeon.
             The game lasted 00:25:35 (13048 turns).

anacleto the Grappler (Troll Berserker)            Turns: 13048, Time: 00:25:36

Health: -2/160     AC: 12    Str: 38    XL:     11   Next: 78%
Magic:  10/10      EV: 16    Int:  3    God:    Trog [***...]
Gold:   890        SH:  0    Dex:  9    Spells: 10/10 levels left

rFire   . . .        B - +3 giant club "Skullcrusher" {speed, Str+7}
rCold   . . .        (shield currently unavailable)
rNeg    . . .        D - +0 acid dragon scales
rPois   .            (helmet restricted)
rElec   .            r - +2 cloak
rCorr   +            (gloves unavailable)
SInv    .            (boots unavailable)
Will    .....        (no amulet) Stlth
                     j - ring of resist corrosion
HPRegen 1.26/turn    s - +5 ring of evasion
MPRegen 0.12/turn

%: no passive effects
@: berserking, spiked, very quick
A: large, unfitting armour, claws 3, regeneration 1, shaggy fur 1, tough skin 1
a: Renounce Religion, Berserk, Trog's Hand


You were on level 11 of the Dungeon.
You worshipped Trog.
Trog was most pleased with you.
You visited 1 branch of the dungeon, and saw 11 of its levels.
You also visited: Bailey.

You collected 890 gold pieces.

Inventory:

Hand Weapons
 B - the +3 giant club "Skullcrusher" (weapon) {speed, Str+7}
   (You found it in a bailey)

   Str:       It affects your strength (+7).
Missiles
 l - 32 poisoned darts (quivered)
Armour
 r - a +2 cloak (worn)
 D - +0 acid dragon scales (worn)
Jewellery
 d - a ring of fire
 j - a ring of resist corrosion (left claw)
 s - a +5 ring of evasion (right claw)
 y - a ring of positive energy
Wands
 a - a wand of roots (1)
 e - a wand of flame (41)
 C - a wand of polymorph (8)
Scrolls
 b - 2 scrolls of enchant armour
 c - 3 scrolls of fear
 g - 2 scrolls of fog {unknown}
 i - 4 scrolls of noise
 k - 3 scrolls of immolation
 m - 5 scrolls of blinking
 n - a scroll of butterflies {unknown}
 o - 3 scrolls of silence {unknown}
 p - 3 scrolls of teleportation {unknown}
 v - a scroll of vulnerability {unknown}
 x - 7 scrolls of enchant weapon
 A - a scroll of brand weapon {unknown}
Potions
 f - 2 potions of curing
 h - a potion of cancellation
 q - 4 potions of brilliance
 t - 3 potions of lignification
 u - a potion of ambrosia
 w - 2 potions of heal wounds
 z - 2 potions of mutation


   Skills:
 - Level 6.6 Fighting
 * Level 9.5 Maces & Flails
 - Level 5.9 Armour
 - Level 6.6 Dodging
 - Level 10.8 Unarmed Combat


You had 10 spell levels left.
You didn't know any spells.
Your spell library was empty.

Dungeon Overview and Level Annotations

Branches:
Dungeon (11/15)            Temple (0/1) D:7            Lair (0/5) D:10
    Orc (0/2) D:9          Bailey (visited)

Altars:
Ashenzari
Fedhas
Okawaru
Ru
Vehumet
Wu Jian
Xom
Yredelemnul

Shops:
D:2 :

Annotations:
D:7 Menkaure
D:10 exclusion: 2 oklob saplings


Innate Abilities, Weirdness & Mutations

You are too large for most types of armour.
You have claws for hands.
Your natural rate of healing is unusually fast.
You are covered in fur. (AC +1)
You have tough skin. (AC +1)


Message History

Press: ? - help, Q - select action, (/) - cycle Shift-Dir - straight line, f/p - manticore
Aim: a manticore (69% to hit)
You throw a poisoned dart. The poisoned dart hits the manticore.
Throw: 35 darts (poison)
Press: ? - help, Q - select action, (/) - cycle Shift-Dir - straight line, f/p - manticore
Aim: a manticore (69% to hit)
You throw a poisoned dart. The poisoned dart hits the manticore.
The manticore is poisoned.
Throw: 34 darts (poison)
Press: ? - help, Q - select action, (/) - cycle Shift-Dir - straight line, f/p - manticore
Aim: a manticore (poisoned, 69% to hit)
You throw a poisoned dart. The poisoned dart hits the manticore.
The manticore flicks its tail.
The volley of spikes hits you!!
The barbed spikes become lodged in your body.
Throw: 33 darts (poison)
Press: ? - help, Q - select action, (/) - cycle Shift-Dir - straight line, f/p - manticore
Aim: a manticore (poisoned, 69% to hit)
You throw a poisoned dart.
The poisoned dart barely misses the manticore.
You barely miss the manticore.
The manticore bites you but does no damage.
The manticore claws you. x2
You completely miss the manticore.
The manticore is lightly wounded.
The manticore bites you! The manticore claws you. The manticore claws you!
You bludgeon the manticore!!
The manticore is moderately wounded.
The manticore looks more healthy.
The manticore bites you. The manticore misses you. x2
You bludgeon the manticore!!
The manticore is severely wounded.
The manticore bites you!!
* * * LOW HITPOINT WARNING * * *
The manticore claws you!
* * * LOW HITPOINT WARNING * * *
The manticore claws you but does no damage.
A red film seems to cover your vision as you go berserk!
You feel yourself moving faster!
You feel mighty! The manticore bites you!!
You die...

.......#
.^.....######### ##
.......##......# ...
.....##.####.# ....
.... #.#....# .....
#.###.#.#..#
......####....>#.#..##
(...((H@)....#.......#
...(...#####.#.......#
(...... ####.#.......#
######. ...........#.#
## ........####.#
...........##.###
....#............ #
#......#.######
#.#..........#


You could see a manticore.

Vanquished Creatures
  6 two-headed ogres
  Maurice (D:11)
  Maggie (D:8)
  2 unseen horrors
  A troll (D:10)
  2 hornets (D:9)
  6 spriggans
  4 shadows
  10 yaks
  2 wyverns (D:7)
  3 steam dragons
  2 water moccasins
  6 orc warriors
  2 sky beasts
  2 ice beasts (D:5)
  10 ogres
  3 centaurs
  4 kobold brigands
  11 bullfrogs
  2 scorpions
  12 wights
  3 howler monkeys (D:10)
  2 hounds
  A jelly (D:7)
  2 orc priests
  An iguana (D:6)
  3 sleepcaps
  Natasha (D:2)
  10 orc wizards
  16 adders
  2 shadow imps
  2 worms
  2 dart slugs (D:4)
  28 orcs
  6 endoplasms
  7 giant cockroaches
  12 goblins
  6 hobgoblins
  10 jackals
  26 kobolds
  6 quokkas
  13 ball pythons
  A bat (D:3)
  3 frilled lizards
  5 rats
260 creatures vanquished.

Notes
Turn   | Place    | Note
-------+----------+-------------------------------------------
     0 | D:1      | anacleto the Troll Berserker began the quest for the Orb.
     0 | D:1      | Reached XP level 1. HP: 22/22 MP: 0/0
   143 | D:1      | Reached XP level 2. HP: 29/29 MP: 1/1
   519 | D:2      | Reached XP level 3. HP: 32/36 MP: 2/2
   673 | D:2      | Reached ** piety under Trog
   722 | D:2      | Noticed Natasha
   735 | D:2      | Killed Natasha
   736 | D:2      | Reached skill level 1 in Armour
   736 | D:2      | Reached XP level 4. HP: 44/44 MP: 3/3
  1078 | D:2      | Found Yrrogulizech's Book Emporium.
  1096 | D:2      | Reached skill level 4 in Unarmed Combat
  1336 | D:3      | Found a sacrificial altar of Ru.
  1347 | D:3      | Found a radiant altar of Vehumet.
  1793 | D:3      | Reached XP level 5. HP: 53/53 MP: 4/4
  2356 | D:4      | Found a basalt altar of Yredelemnul.
  2367 | D:4      | Noticed an ogre
  2373 | D:4      | Killed an ogre
  2479 | D:4      | Reached XP level 6. HP: 61/61 MP: 5/5
  2703 | D:4      | Reached skill level 5 in Unarmed Combat
  2964 | D:4      | Reached *** piety under Trog
  3173 | D:4      | Reached XP level 7. HP: 63/68 MP: 6/6
  3308 | D:5      | Entered Level 5 of the Dungeon
  3316 | D:5      | Found a shimmering altar of Xom.
  3579 | D:5      | Reached skill level 6 in Unarmed Combat
  3911 | D:5      | Identified the +6 whip "Kaithose" {drain, +Blink rC+}
  3924 | D:5      | Found an iron altar of Okawaru.
  4612 | D:6      | Reached XP level 8. HP: 78/78 MP: 7/7
  4731 | D:6      | Noticed a two-headed ogre
  4738 | D:6      | Killed a two-headed ogre
  4739 | D:6      | Reached skill level 7 in Unarmed Combat
  4796 | D:6      | Identified the +3 spear "Xokkehee" {freeze, Drain rF+ MP+9}
  4954 | D:6      | Reached skill level 5 in Fighting
  4954 | D:6      | Reached skill level 5 in Dodging
  5084 | D:6      | Reached skill level 8 in Unarmed Combat
  5084 | D:6      | Reached XP level 9. HP: 88/88 MP: 8/8
  5579 | D:7      | Noticed Menkaure
  6025 | D:7      | Found a staircase to the Ecumenical Temple.
  6455 | D:7      | Reached skill level 9 in Unarmed Combat
  6722 | D:7      | Found an ornate altar of the Wu Jian Council.
  6734 | D:7      | Found a blossoming altar of Fedhas.
  6904 | D:8      | Found a flagged portal.
  6957 | Bailey   | Entered a bailey
  7036 | Bailey   | Reached skill level 5 in Armour
  7130 | Bailey   | Reached XP level 10. HP: 92/98 MP: 9/9
  7157 | Bailey   | Noticed a two-headed ogre
  7171 | Bailey   | Killed a two-headed ogre
  7324 | Bailey   | Reached skill level 10 in Unarmed Combat
  7623 | Bailey   | Found the +3 giant club "Skullcrusher" {speed, Str+7}
  8176 | D:8      | Reached skill level 1 in Maces & Flails
  8188 | D:8      | Noticed Maggie
  8195 | D:8      | Killed Maggie
  9087 | D:9      | Found a broken altar of Ashenzari.
  9179 | D:9      | Found a staircase to the Orcish Mines.
  9249 | D:9      | Noticed a two-headed ogre
  9261 | D:9      | Killed a two-headed ogre
  9462 | D:9      | Reached XP level 11. HP: 107/107 MP: 10/10
  9472 | D:9      | Reached skill level 5 in Maces & Flails
  9621 | D:9      | Noticed a two-headed ogre
  9621 | D:9      | Noticed a two-headed ogre
  9641 | D:8      | Killed a two-headed ogre
  9931 | D:9      | Killed a two-headed ogre
 10278 | D:9      | Found the +12 pair of quick blades "Gyre" and "Gimble"
                  | {protect}
 10324 | D:10     | Entered Level 10 of the Dungeon
 11582 | D:10     | Found a staircase to the Lair.
 12306 | D:11     | Noticed Maurice
 12322 | D:11     | Killed Maurice
 12716 | D:11     | Noticed a two-headed ogre
 12734 | D:11     | Killed a two-headed ogre
 13048 | D:11     | Slain by a manticore

Illustrated notes

Levels and vault maps discovered:
D:1:      onia_arrival_mini_spirals, layout_basic, minmay_misc_feat_hallway
D:2:      layout_loops_ring, serial_shops, nicolae_shop_trees, uniq_natasha
D:3:      layout_basic, grunt_temple_overflow_open
D:4:      layout_cave_pools, mainiacjoe_overflow_alcove_1,
          hangedman_decor_clover_reticule
D:5:      layout_basic, kennysheep_mini_moat, okawaru_trees_1, serial_curves,
          eino_curves_01, eino_curves_03, eino_curves_02
D:6:      layout_loops_cross, minmay_small_thing
D:7:      layout_cave_pools, nicolae_overflow_hidden_temple,
          mainiacjoe_overflow_alcove_4, minmay_temple_entry_enclosed_plants,
          uniq_menkaure
D:8:      layout_basic, enter_bailey_5, kennysheep_potato, uniq_maggie
D:9:      layout_basic, ashenzari_conservatory_becter, serial_glass,
          glass_columns_b, glass_columns_a,
          hellmonk_guarded_unrand_gyre_and_gimble
D:10:     layout_loops_ring, grunt_lair_entry_orc_guard_hut,
          introduction_to_nature_1
D:11:     layout_basic, serial_shops, shop, nicolae_elyvilon_temple_path,
          uniq_maurice

Skill      XL: |  1  2  3  4  5  6  7  8  9 10 11 |
---------------+----------------------------------+-----
Armour         | 1 2 3 4 5 |  5.9
Unarmed Combat | 4 5 6 8 9 10 | 10.8
Fighting       | 3 4 5 6 |  6.6
Dodging        | 3 4 5 6 |  6.6
Maces & Flails | 4 9 |  9.5

Action                     |  1- 3 |  4- 6 |  7- 9 | 10-12 || total
---------------------------+-------+-------+-------+-------++-------
  Melee: Unarmed           |    85 |   171 |   157 |   102 ||   515
         Punch             |     1 |       |     4 |     7 ||    12
         Giant club        |       |       |       |   254 ||   254
  Throw: Dart              |       |     3 |     4 |    40 ||    47
 Invoke: Berserk           |     2 |     9 |    20 |    22 ||    53
         Trog's Hand       |       |       |     1 |       ||     1
    Use: Potion            |       |     3 |       |       ||     3
         Scroll            |       |       |     7 |     4 ||    11
   Stab: Sleeping          |     1 |     1 |       |       ||     2
 Armour: Animal skin       |    26 |   100 |    30 |     5 ||   161
         Acid dragon scale |       |       |       |    90 ||    90
  Dodge: Dodged            |    60 |   103 |   118 |   202 ||   483
